 Dungeon Crawl Stone Soup version 0.31-a0-1616-gbeaec30b81 (webtiles) character file.

Game seed: 17171710672425418398

46 Drazool the Shooter (level 3, -2/42 HPs)
             Began as a Barachi Hunter on Jan 10, 2024.
             Killed from afar by Ijyb (12 damage)
             ... with a bolt of light
             ... on level 3 of the Dungeon.
             The game lasted 00:06:57 (2223 turns).

Drazool the Shooter (Barachi Hunter)                Turns: 2223, Time: 00:06:58

Health: -2/42      AC: 21    Str:  8    XL:     3   Next: 66%
Magic:  3/3        EV:  2    Int: 17    God:
Gold:   168        SH:  0    Dex: 15    Spells: 2/2 levels left

rFire   . . .        a - +0 shortbow
rCold   . . .        (shield currently unavailable)
rNeg    . . .        c - melded +0 leather armour
rPois   +            (helmet currently unavailable)
rElec   .            (cloak currently unavailable)
rCorr   +            (gloves currently unavailable)
SInv    .            (boots currently unavailable)
Will    .....        (no amulet)
Stlth   +            R - ring of resist corrosion
HPRegen 0.27/turn    (no ring)
MPRegen 0.08/turn

%: no passive effects
@: confused, tree-form, unable to hop
A: stationary, stasis, torment immunity, boosted hp, (amphibious), (slowness 1),
(strong legs 1), +LOS, clever 2, weak 1
a: no special abilities


You were on level 3 of the Dungeon.
You were a tree.
You visited 1 branch of the dungeon, and saw 3 of its levels.

You collected 168 gold pieces.


Innate Abilities, Weirdness & Mutations

You are a tree.
Your roots penetrate the ground, keeping you stationary.
You cannot be teleported.
You are immune to unholy pain and torment.
Your maximum health is greatly increased.
Your equipment is partially melded.
((You are amphibious.))
((You cover ground slowly.))
((You can hop short distances.))
You have an extended range of vision and can be seen from far away.
Your mind is very acute. (Int +8, Str/Dex -2)
You are weak. (Str -2)


   Skills:
 - Level 2.4 Fighting
 + Level 5.3 Ranged Weapons
 - Level 2.1 Dodging
 - Level 0.8 Stealth


You had 2 spell levels left.
You didn't know any spells.
Your spell library was empty.

Inventory:

Hand Weapons
 a - a +0 shortbow (weapon)
Armour
 c - a +0 leather armour (melded)
 l - the +2 pair of boots of Gallantry {rC- Str+3 Int+4}
   (You found it on level 3 of the Dungeon)

   Str+3:     It affects your strength (+3).
   Int+4:     It affects your intelligence (+4).
   rC-:       It makes you vulnerable to cold.
Jewellery
 R - a ring of resist corrosion (left branch)
Scrolls
 b - a scroll of butterflies
 e - 2 scrolls of teleportation {unknown}
 f - a scroll of fear {unknown}
 g - 2 scrolls of fog {unknown}
 h - 2 scrolls of identify {unknown}
 i - 3 scrolls of blinking {unknown}

Dungeon Overview and Level Annotations

Branches:
Dungeon (3/15)

Altars:
Nemelex Xobeh
The Shining One

Annotations:
D:3 Ijyb

###.#...........
#.......#.##.###
##.#⌠.⌠.#.##.# #
#...⚑.......# #.
###⌠.⌠#..#### #.#
##....## #..#
#############.####
#..####....##.......#
.####.#.##.##.#.♣#######
...........##.#g##
####.............#
#.##.#..#.....# #.
#........#.#
#....######>..# ######
#####


You could see Ijyb.


Message History

Ijyb misses you.
You shoot an arrow. The arrow hits Ijyb.
Ijyb is lightly wounded.
Ijyb hits you with a +0 club.
* * * LOW HITPOINT WARNING * * *
You shoot an arrow. The arrow barely misses Ijyb.
Ijyb hits you with a +0 club.
* * * LOW HITPOINT WARNING * * *
It was a potion of mutation.
You feel extremely strange.
You feel weaker.
You feel clever. x2
Ijyb barely misses you.
It was a potion of curing.
You feel better. Ijyb hits you with a +0 club.
* * * LOW HITPOINT WARNING * * *
It was a potion of lignification.
You turn into a tree.
Your +0 leather armour melds into your body.
Your roots penetrate the ground.
Ijyb hits you but does no damage.
You shoot an arrow. The arrow hits Ijyb but does no damage.
Ijyb is lightly wounded.
Ijyb hits you with a +0 club.
* * * LOW HITPOINT WARNING * * *
Ijyb hits you but does no damage.
You shoot an arrow. The arrow hits Ijyb.
Ijyb is lightly wounded.
Ijyb hits you but does no damage.
You shoot an arrow. The arrow closely misses Ijyb.
Ijyb hits you but does no damage.
You shoot an arrow. The arrow hits Ijyb!
Ijyb is heavily wounded.
Ijyb zaps a wand.
The bolt of light hits you!
You are confused.
You die...

Skill      XL: |  1  2  3 |
---------------+----------+-----
Ranged Weapons | 5 |  5.3
Fighting       | |  2.4
Dodging        | |  2.1
Stealth        | |  0.8

Action                     || total
---------------------------++-------
   Fire: Shortbow          ||   112
Ability: Hop               ||     1
    Use: Potion            ||     3
 Armour: Leather armour    ||    20
         Skin              ||     6
  Dodge: Dodged            ||    31

Levels and vault maps discovered:
D:1:      shiori_arrival_maze, layout_basic, chequers_serial_rivers_large_b,
          minmay_tromino_v7
D:2:      layout_basic, basic_altar
D:3:      layout_basic, nicolae_dithmenos_the_darkroom,
          nicolae_uskayaw_dance_hall, nemelex_xobeh_ov_fountains_minmay,
          uniq_ijyb

Notes
Turn   | Place    | Note
-------+----------+-------------------------------------------
     0 | D:1      | Drazool the Barachi Hunter began the quest for the Orb.
     0 | D:1      | Reached XP level 1. HP: 17/17 MP: 1/1
   205 | D:1      | Reached XP level 2. HP: 22/23 MP: 2/2
  1079 | D:2      | Reached XP level 3. HP: 28/28 MP: 3/3
  1205 | D:2      | Reached skill level 5 in Ranged Weapons
  1215 | D:2      | Found a glowing golden altar of the Shining One.
  2062 | D:3      | Noticed a water moccasin
  2156 | D:3      | Found a sparkling altar of Nemelex Xobeh.
  2157 | D:3      | Identified the +2 pair of boots of Gallantry {rC- Str+3
                  | Int+4}
  2197 | D:3      | Noticed Ijyb
  2216 | D:3      | HP: 2/28 [Ijyb/+0 club (4)]
  2217 | D:3      | Gained mutation: You are weak. (Str -2) [potion of
                  | mutation]
  2217 | D:3      | Gained mutation: Your mind is acute. (Int +4, Str/Dex -1)
                  | [potion of mutation]
  2217 | D:3      | Gained mutation: Your mind is very acute. (Int +8, Str/Dex
                  | -2) [potion of mutation]
  2223 | D:3      | Killed from afar by Ijyb

Vanquished Creatures
  5 endoplasms
  5 giant cockroaches
  2 goblins
  3 hobgoblins
  4 kobolds
  4 quokkas
  A ball python (D:1)
  10 bats
  5 frilled lizards
  4 rats
43 creatures vanquished.

Table legend: (Time is in decaauts)
 A = Elapsed time spent in this place.
 B = Non-inter-level travel time spent in this place.
 C = Inter-level travel time spent in this place.
 D = Time resting spent in this place.
 E = Time spent auto-exploring this place.
 F = Levels seen in this place.
 G = Mean time per level.
                   A        B        C        D        E       F      G
               +--------+--------+--------+--------+--------+-----+--------+
         Total |   2653 |   2544 |    109 |      0 |   2257 |   3 |  884.3 |
       Dungeon |   2653 |   2544 |    109 |      0 |   2257 |   3 |  884.3 |
               +--------+--------+--------+--------+--------+-----+--------+

Top non-repeatable levels by time:
     D:1: 1285 daAuts
     D:2: 1238 daAuts
     D:3: 130 daAuts

Table legend:
 A = Non-vault XP
 B = Vault XP
 C = Vault XP percentage of total XP
 D = Non-vault monster count
 E = Vault monster count
 F = Vault count percentage of total count
                 A         B        C        D         E       F
            +---------+---------+-------+---------+---------+-------
      Total |      57 |       9 |  13.6 |      38 |       5 |  11.6
            +---------+---------+-------+---------+---------+-------
        D:1 |      24 |       9 |  27.3 |      16 |       5 |  23.8
        D:2 |      22 |       0 |   0.0 |      16 |       0 |   0.0
        D:3 |      11 |       0 |   0.0 |       6 |       0 |   0.0
            +---------+---------+-------+---------+---------+-------
